Map: Lerilak Crest

Players

Calt - Winner!

  • Race: Terran Terran
  • League: Master

Onva

  • Race: Protoss Protoss
  • League: Platinum

VOD

Have the link to the VOD?

Description

Time

  • Played on: Nov. 16, 2015, 11:37 a.m.
  • Length: 12:55
Show
View Real Time Build Order
Export as new Build Order

Calt Terran - Winner!

Build Orders: Cyclone Opening, MMM Bio 

Get SALT Encoding   

  12  0:01  SCV  
  13  0:13  SCV  
  14  0:18  Supply Depot  
  14  0:25  SCV  
  15  0:40  SCV, Barracks  
  16  0:46  Refinery  
  16  0:52  SCV  
  17  1:04  SCV  
  18  1:18  SCV  
  19  1:29  Marine  
  19  1:31  Orbital Command  
  20  1:43  Command Center  
  20  1:54  Factory  
  20  1:57  SCV  
  21  2:06  Supply Depot  
  21  2:10  SCV  
  21  2:12  Barracks Tech Lab  
  22  2:17  Refinery  
  22  2:22  SCV  
  23  2:34  SCV  
  23  2:47  SCV, Barracks  
  23  2:48  Barracks  
  24  2:54  Cyclone  
  27  3:04  Orbital Command  
  27  3:07  SCV  
  27  3:11  Marine  
  29  3:19  SCV  
  30  3:30  SCV  
  31  3:34  SCV  
  31  3:38  Stimpack  
  31  3:39  Marauder, Marine x2  
  36  3:43  SCV  
  36  3:48  SCV, Supply Depot  
  38  3:50  Widow Mine  
  38  3:55  SCV  
  41  3:56  Marine  
  41  3:58  Marine  
  41  4:00  SCV, Marine  
  45  4:03  Supply Depot  
  45  4:07  SCV  
  46  4:12  SCV  
  46  4:15  Marine  
  48  4:19  SCV  
  49  4:24  SCV, Engineering Bay  
  49  4:27  Factory Reactor  
  49  4:30  Starport  
  49  4:31  Barracks Reactor, SCV  
  51  4:35  Barracks Tech Lab  
  51  4:36  SCV  
  52  4:41  Marauder  
  52  4:43  SCV  
  55  4:47  Supply Depot  
  55  4:48  SCV  
  55  4:50  Terran Infantry Weapons Level 1  
  55  4:52  Missile Turret  
  56  4:54  Marauder  
  56  4:55  SCV  
  56  4:57  Combat Shields  
  59  5:01  SCV  
  59  5:05  Marauder  
  62  5:09  SCV  
  62  5:10  Supply Depot  
  62  5:12  Medivac  
  62  5:13  SCV  
  62  5:14  Marine x2  
  66  5:17  Refinery  
  65  5:21  SCV  
  65  5:23  Bunker  
  65  5:26  Bunker  
  67  5:29  Marauder x2  
  67  5:32  SCV  
  67  5:34  Supply Depot  
  71  5:38  SCV  
  71  5:41  Liberator  
  71  5:42  Marine x2  
  74  5:47  SCV  
  74  5:56  Orbital Command  
  75  5:57  Marauder x2, Widow Mine  
  79  6:16  Command Center  
  79  6:19  SCV  
  79  6:24  SCV  
  81  6:26  Marauder  
  81  6:34  Concussive Shells  
  81  6:38  SCV  
  76  6:42  Medivac  
  78  6:47  Supply Depot  
  78  6:49  Medivac  
  79  7:00  SCV  
  80  7:05  Liberator  
  80  7:06  Marine x2  
  80  7:07  Orbital Command, Marauder x2  
  86  7:12  SCV  
  77  7:24  SCV  
  77  7:26  Marine x2  
  77  7:27  Marine  
  84  7:31  Widow Mine  
  86  7:38  Marauder  
  86  7:39  Liberator  
  86  7:42  SCV  
  86  7:44  Marine x2  
  89  7:45  Marine  
  92  7:58  SCV, Marine  
  94  7:59  SCV  
  96  8:08  SCV  
  97  8:13  Marine  
  97  8:14  Marauder, Marine  
  97  8:17  SCV  
  102  8:22  Liberator  
  102  8:26  Orbital Command  
  102  8:30  Supply Depot  
  102  8:40  Widow Mine  
  105  8:47  Marine x3  
  105  8:48  Marine  
  109  9:01  Liberator  
  107  9:10  Marine  
  107  9:11  Marauder  
  113  9:50  Orbital Command  
  113  9:59  Orbital Command  
  113  10:07  Marine x3  
  116  10:32  Refinery  
  116  10:33  Refinery  
  116  10:43  Supply Depot  
  116  10:47  Supply Depot  
  116  10:49  Refinery  
  116  10:55  Missile Turret  
  116  10:56  Missile Turret  
  116  10:57  Missile Turret  
  116  11:01  Terran Infantry Armor Level 1  
  116  11:03  Armory  
  116  11:04  Medivac x2, Marine  
  116  11:05  Engineering Bay, Marauder x2  
  116  11:08  Barracks  
  116  11:09  Marine  
  116  11:11  Barracks  
  126  11:18  Missile Turret  
  126  11:22  Marine  
  126  11:24  Liberator x2  
  126  11:31  Marauder, Marine  
  126  11:32  Marauder  
  119  11:49  Supply Depot  
  119  11:50  Refinery  
  119  11:58  Barracks Reactor, Barracks Tech Lab  
  119  12:08  Sensor Tower  
  118  12:12  Bunker  
  118  12:13  Bunker  
  118  12:14  Marauder x2, Marine x2  
  124  12:15  Bunker  
  124  12:21  Marine  
  125  12:25  Viking x2  
  129  12:31  SCV  
Show
View Real Time Build Order
Export as new Build Order

Onva Protoss 

Build Orders: 1 Gate Expand 

Get SALT Encoding   

  12  0:01  Probe (Chrono Boost)  
  13  0:11  Probe (Chrono Boost)  
  14  0:18  Pylon  
  14  0:23  Probe (Chrono Boost)  
  15  0:36  Probe (Chrono Boost)  
  15  0:38  Gateway  
  16  0:45  Assimilator  
  16  0:47  Probe (Chrono Boost)  
  17  0:58  Probe (Chrono Boost)  
  18  1:08  Probe (Chrono Boost)  
  19  1:21  Nexus  
  20  1:31  Cybernetics Core  
  19  1:35  Probe (Chrono Boost)  
  20  1:44  Assimilator  
  20  1:46  Probe (Chrono Boost)  
  21  1:52  Pylon  
  21  1:56  Probe (Chrono Boost)  
  22  2:10  Adept (Chrono Boost)  
  22  2:11  Mothership Core  
  26  2:19  Warp Gate (Chrono Boost)  
  26  2:32  Probe  
  27  2:37  Probe  
  27  2:44  Probe  
  28  2:46  Robotics Facility  
  28  2:48  Probe, Adept (Chrono Boost)  
  31  2:56  Probe  
  32  2:59  Probe  
  33  3:08  Probe  
  33  3:09  Probe  
  35  3:20  Probe (Chrono Boost)  
  35  3:21  Probe (Chrono Boost), Gateway  
  35  3:23  Gateway  
  37  3:32  Probe (Chrono Boost)  
  38  3:35  Stalker (Chrono Boost)  
  38  3:44  Immortal  
  42  3:50  Probe, Pylon  
  42  3:52  Probe  
  44  4:00  Pylon  
  44  4:01  Probe  
  44  4:04  Probe  
  46  4:12  Probe  
  46  4:16  Probe  
  48  4:19  Stalker x3  
  54  4:29  Immortal (Chrono Boost)  
  58  4:34  Pylon  
  58  4:45  Adept x2  
  62  4:50  Gateway  
  62  4:52  Adept  
  62  4:53  Gateway  
  64  5:04  Warp Prism (Chrono Boost)  
  66  5:08  Adept x2  
  70  5:18  Pylon  
  70  5:19  Pylon  
  70  5:23  Pylon  
  70  5:36  Pylon  
  70  5:38  Stalker x3  
  76  5:57  Probe  
  76  5:59  Probe  
  78  6:08  Probe, Observer (Chrono Boost)  
  78  6:09  Assimilator  
  78  6:10  Forge, Assimilator  
  78  6:11  Probe  
  81  6:14  Adept x4  
  81  6:15  Adept  
  81  6:41  Stalker x2  
  81  6:42  Stalker x3  
  81  6:43  Probe  
  81  6:44  Probe  
  81  6:45  Immortal (Chrono Boost)  
  95  6:49  Protoss Ground Weapons Level 1  
  95  6:51  Photon Cannon  
  95  7:06  Sentry  
  95  7:07  Sentry  
  87  7:23  Probe  
  87  7:25  Probe  
  87  7:28  Gateway  
  87  7:29  Gateway, Zealot x2  
  93  7:30  Zealot x3  
  93  7:31  Gateway  
  99  7:40  Robotics Bay  
  95  7:55  Adept x2, Observer (Chrono Boost)  
  95  7:56  Adept  
  101  8:03  Pylon x2  
  101  8:04  Pylon  
  101  8:22  Stalker x5  
  109  8:42  Adept x3  
  109  8:47  Colossus (Chrono Boost)  
  121  9:00  Stalker x2  
  125  9:12  Pylon  
  125  9:14  Pylon x2  
  125  9:16  Pylon  
  125  9:17  Pylon  
  125  9:40  Colossus (Chrono Boost)  
  125  9:41  Robotics Facility  
  130  10:00  Nexus  
  130  10:16  Pylon  
  130  10:17  Protoss Ground Armor Level 1  
  130  10:18  Twilight Council  
  130  10:19  Pylon  
  129  10:28  Forge  
  129  10:30  Colossus (Chrono Boost)  
  129  10:34  Colossus (Chrono Boost)  
  140  10:40  Extended Thermal Lance  
  140  10:52  Photon Cannon  
  140  10:56  Pylon  
  140  10:58  Charge  
  140  11:17  Observer (Chrono Boost)  
  141  11:22  Adept x4, Observer (Chrono Boost)  
  141  11:23  Adept  
  147  11:46  Stalker  
  149  11:47  Stalker x2  
  149  11:48  Stalker  
  155  11:57  Adept x2  
  159  12:01  Adept  
  161  12:08  Adept  
  161  12:11  Adept  
  161  12:12  Adept  
Tags
 
Add a new tag
Caveats
  • Supply blocks, unpowered buildings, or Contaminate may cause inaccurate times.
  • Supply counts are checked every 10 seconds.